TOP OF THE 1ST |
Greenville 84s batting - Pitching for Chicago Machine : RHP Horace Jacobs
|
Pitching: RHP Horace Jacobs
|
|
Batting: RHB Carlos Torres
|
0-0: Called Strike 0-1: Foul Ball, location: 2F 0-2: Ball 1-2: Foul Ball, location: 2F 1-2: Ball 2-2: Ball 3-2: Fly out, F7 (Flyball, 7S)
|
Batting: LHB Chris Moore
|
0-0: Foul Ball, location: 2F 0-1: Ball 1-1: Called Strike 1-2: Ball 2-2: Ball 3-2: Base on Balls
|
Batting: RHB Enzo Díaz
|
0-0: Foul Ball, location: 2F 0-1: Fly out, F9 (Flyball, 9)
|
Batting: LHB Brock Larsen
|
0-0: Ball 1-0: Swinging Strike 1-1: Swinging Strike 1-2: Fielders Choice at 2nd, 6-4 (Groundball, 6)
|
Top of the 1st over - 0 run(s), 0 hit(s), 0 error(s), 0 left on base; Greenville 0 - Chicago 0 |
BOTTOM OF THE 1ST |
Chicago Machine batting - Pitching for Greenville 84s : RHP Andrés Vázquez
|
Pitching: RHP Andrés Vázquez
|
|
Batting: RHB Pablo Sandoval
|
0-0: Foul Ball, location: 2F 0-1: SINGLE (Line Drive, 56)
|
Batting: LHB Keng-chi Lao
|
0-0: Ball 1-0: Swinging Strike 1-1: Fielders Choice at 2nd, 4-6 (Groundball, 4)
|
Batting: RHB Doug Stephens
|
0-0: Fly out, F7 (Flyball, 7D)
|
Batting: SHB José Alomar
|
0-0: Fielders Choice at 2nd, 4-6 (Groundball, 4)
|
Bottom of the 1st over - 0 run(s), 1 hit(s), 0 error(s), 0 left on base; Greenville 0 - Chicago 0 |
TOP OF THE 2ND |
Greenville 84s batting - Pitching for Chicago Machine : RHP Horace Jacobs
|
Batting: LHB Paco Rosas
|
0-0: Called Strike 0-1: Foul Ball, location: 2F 0-2: SINGLE (Groundball, 4MD)
|
Batting: LHB Jimmy Vickers
|
0-0: Ball 1-0: Ball 2-0: Grounds into double play, 6-4-3 (Groundball, 6)
|
Batting: RHB Robert Buckley
|
0-0: Ball 1-0: Called Strike 1-1: Foul Ball, location: 2F 1-2: Foul Ball, location: 2F 1-2: Foul Ball, location: 2F 1-2: Foul Ball, location: 2F 1-2: DOUBLE (Line Drive, 9D)
|
Batting: LHB Robert Moore
|
0-0: Called Strike 0-1: Ground out 3-1 (Groundball, 34)
|
Top of the 2nd over - 0 run(s), 2 hit(s), 0 error(s), 1 left on base; Greenville 0 - Chicago 0 |
BOTTOM OF THE 2ND |
Chicago Machine batting - Pitching for Greenville 84s : RHP Andrés Vázquez
|
Batting: RHB Roberto Tobías
|
0-0: Fly out, F7 (Line Drive, 7)
|
Batting: SHB Joaquín López
|
0-0: Fly out, F7 (Flyball, 78M)
|
Batting: RHB Gonzalo Gil
|
0-0: Called Strike 0-1: SOLO HOME RUN (Flyball, 8RD), Distance : 427 ft
|
Batting: RHB Nick Harris
|
0-0: Ball 1-0: Ball 2-0: Called Strike 2-1: Ball 3-1: Foul Ball, location: 2F 3-2: Base on Balls
|
Batting: LHB Tanyu Imai
|
0-0: Ball 1-0: Called Strike Nick Harris steals 2nd base 1-1: Swinging Strike 1-2: Ball 2-2: Ball 3-2: Ground out 4-3 (Groundball, 34)
|
Bottom of the 2nd over - 1 run(s), 1 hit(s), 0 error(s), 1 left on base; Greenville 0 - Chicago 1 |
TOP OF THE 3RD |
Greenville 84s batting - Pitching for Chicago Machine : RHP Horace Jacobs
|
Batting: LHB José Costa
|
0-0: Ball 1-0: Ball 2-0: Ground out U3 (Groundball, 34)
|
Batting: RHB Carlos Torres
|
0-0: Ball 1-0: Swinging Strike 1-1: Hit by Pitch
|
Batting: LHB Chris Moore
|
0-0: Foul Ball, location: 2F 0-1: Ball 1-1: Ball 2-1: Ball 3-1: Foul Ball, location: 2F 3-2: Fly out, F6 (Popup, 6)
|
Batting: RHB Enzo Díaz
|
0-0: Ball 1-0: Ball 2-0: Called Strike 2-1: Called Strike 2-2: Fielders Choice at 2nd, 4-6 (Groundball, 4)
|
Top of the 3rd over - 0 run(s), 0 hit(s), 0 error(s), 0 left on base; Greenville 0 - Chicago 1 |
BOTTOM OF THE 3RD |
Chicago Machine batting - Pitching for Greenville 84s : RHP Andrés Vázquez
|
Batting: RHB Pablo Sandoval
|
0-0: Ball 1-0: Ball 2-0: Fly out, F7 (Flyball, 7)
|
Batting: LHB Keng-chi Lao
|
0-0: Called Strike 0-1: Ball 1-1: Ball 2-1: Ball 3-1: Fly out, F2 (Popup, 3S)
|
Batting: RHB Doug Stephens
|
0-0: Ball 1-0: Foul Ball, location: 2F 1-1: Ball 2-1: Foul Ball, location: 2F 2-2: Ball 3-2: Strikes out swinging
|
Bottom of the 3rd over - 0 run(s), 0 hit(s), 0 error(s), 0 left on base; Greenville 0 - Chicago 1 |
TOP OF THE 4TH |
Greenville 84s batting - Pitching for Chicago Machine : RHP Horace Jacobs
|
Batting: LHB Brock Larsen
|
0-0: Ground out 4-3 (Groundball, 4S)
|
Batting: LHB Paco Rosas
|
0-0: Called Strike 0-1: Ball 1-1: Ball 2-1: Foul Ball, location: 2F 2-2: Ball 3-2: Fly out, F9 (Flyball, 9S)
|
Batting: LHB Jimmy Vickers
|
0-0: Ball 1-0: Fly out, F7 (Flyball, 7S)
|
Top of the 4th over - 0 run(s), 0 hit(s), 0 error(s), 0 left on base; Greenville 0 - Chicago 1 |
BOTTOM OF THE 4TH |
Chicago Machine batting - Pitching for Greenville 84s : RHP Andrés Vázquez
|
Batting: SHB José Alomar
|
0-0: Ball 1-0: Foul Ball, location: 2F 1-1: Ball 2-1: Foul Ball, location: 2F 2-2: Strikes out looking
|
Batting: RHB Roberto Tobías
|
0-0: Called Strike 0-1: Ball 1-1: Swinging Strike 1-2: Strikes out looking
|
Batting: SHB Joaquín López
|
0-0: Foul Ball, location: 2F 0-1: Fly out, F7 (Flyball, 78S)
|
Bottom of the 4th over - 0 run(s), 0 hit(s), 0 error(s), 0 left on base; Greenville 0 - Chicago 1 |
TOP OF THE 5TH |
Greenville 84s batting - Pitching for Chicago Machine : RHP Horace Jacobs
|
Batting: RHB Robert Buckley
|
0-0: Ball 1-0: SINGLE (Flyball, 7S)
|
Batting: LHB Robert Moore
|
0-0: Ball 1-0: Fly out, F8 (Line Drive, 8RD)
|
Batting: LHB José Costa
|
0-0: Ball 1-0: Ball 2-0: Ground out 5-3 (Groundball, 56S) Robert Buckley to second
|
Batting: RHB Carlos Torres
|
0-0: Ground out 6-3 (Groundball, 6)
|
Top of the 5th over - 0 run(s), 1 hit(s), 0 error(s), 1 left on base; Greenville 0 - Chicago 1 |
BOTTOM OF THE 5TH |
Chicago Machine batting - Pitching for Greenville 84s : RHP Andrés Vázquez
|
Batting: RHB Gonzalo Gil
|
0-0: Called Strike 0-1: Foul Ball, location: 2F 0-2: Ground out 6-3 (Groundball, 6)
|
Batting: RHB Nick Harris
|
0-0: Swinging Strike 0-1: Ball 1-1: Ground out 6-3 (Groundball, 6M)
|
Batting: LHB Tanyu Imai
|
0-0: Ball 1-0: Called Strike 1-1: Ball 2-1: Swinging Strike 2-2: Strikes out looking
|
Bottom of the 5th over - 0 run(s), 0 hit(s), 0 error(s), 0 left on base; Greenville 0 - Chicago 1 |
TOP OF THE 6TH |
Greenville 84s batting - Pitching for Chicago Machine : RHP Horace Jacobs
|
Batting: LHB Chris Moore
|
0-0: Swinging Strike 0-1: Foul Ball, location: 2F 0-2: Strikes out swinging
|
Batting: RHB Enzo Díaz
|
0-0: Swinging Strike 0-1: Ball 1-1: Swinging Strike 1-2: Ground out 5-3 (Groundball, 56)
|
Batting: LHB Brock Larsen
|
0-0: Ball 1-0: Called Strike 1-1: Foul Ball, location: 2F 1-2: Ball 2-2: Strikes out swinging
|
Top of the 6th over - 0 run(s), 0 hit(s), 0 error(s), 0 left on base; Greenville 0 - Chicago 1 |
BOTTOM OF THE 6TH |
Chicago Machine batting - Pitching for Greenville 84s : RHP Andrés Vázquez
|
Batting: RHB Pablo Sandoval
|
0-0: SINGLE (Groundball, 56D)
|
Batting: LHB Keng-chi Lao
|
0-0: Ball 1-0: Called Strike 1-1: Ball 2-1: Swinging Strike 2-2: Foul Ball, location: 2F 2-2: Foul Ball, location: 2F 2-2: Ball 3-2: SINGLE (Groundball, 56D) Pablo Sandoval to second
|
Batting: RHB Doug Stephens
|
0-0: Ball 1-0: Foul Ball, location: 2F 1-1: Ball 2-1: Foul Ball, location: 2F 2-2: Foul Ball, location: 2F 2-2: Foul Ball, location: 2F 2-2: Strikes out swinging
|
Batting: SHB José Alomar
|
0-0: Ball 1-0: Called Strike 1-1: Ball 2-1: SINGLE (Groundball, 5D) Pablo Sandoval to third Keng-chi Lao to second Runner from 3rd tries for Home, SAFE, no throw
|
Batting: RHB Roberto Tobías
|
0-0: Ball 1-0: SINGLE (Line Drive, 89S) Keng-chi Lao to third José Alomar to second
|
Batting: SHB Joaquín López
|
0-0: Ball 1-0: Swinging Strike 1-1: Called Strike 1-2: Foul Ball, location: 2F 1-2: Ball 2-2: Foul Ball, location: 2F 2-2: SINGLE (Flyball, 78S) Keng-chi Lao scores José Alomar to third Roberto Tobías to second
|
Batting: RHB Gonzalo Gil
|
0-0: Foul Ball, location: 2F 0-1: Called Strike 0-2: Ball 1-2: Ball 2-2: Fly out, F8 (Flyball, 8RS)
|
Batting: RHB Nick Harris
|
0-0: Ball 1-0: Ball 2-0: DOUBLE (Line Drive, 7LM) José Alomar scores Roberto Tobías scores Joaquín López to third
|
Pitching: RHP Dave Smith
|
|
Batting: LHB Tanyu Imai
|
0-0: Ball 1-0: Fly out, F8 (Flyball, 89XD)
|
Bottom of the 6th over - 4 run(s), 6 hit(s), 0 error(s), 2 left on base; Greenville 0 - Chicago 5 |
TOP OF THE 7TH |
Greenville 84s batting - Pitching for Chicago Machine : RHP Horace Jacobs
|
Batting: LHB Paco Rosas
|
0-0: Ball 1-0: Swinging Strike 1-1: Foul Ball, location: 2F 1-2: Ball 2-2: Ball 3-2: Fly out, F8 (Flyball, 78M)
|
Batting: LHB Jimmy Vickers
|
0-0: Called Strike 0-1: Ball 1-1: Foul Ball, location: 2F 1-2: Ground out 1-3 (Groundball, 15S)
|
Batting: RHB Robert Buckley
|
0-0: Fly out, F3 (Popup, 3L)
|
Top of the 7th over - 0 run(s), 0 hit(s), 0 error(s), 0 left on base; Greenville 0 - Chicago 5 |
BOTTOM OF THE 7TH |
Chicago Machine batting - Pitching for Greenville 84s : RHP Dave Smith
|
Batting: RHB Pablo Sandoval
|
0-0: Called Strike 0-1: Called Strike 0-2: Ball 1-2: Foul Ball, location: 2F 1-2: Strikes out swinging
|
Batting: LHB Keng-chi Lao
|
0-0: Swinging Strike 0-1: Fly out, F8 (Flyball, 8LS)
|
Batting: RHB Doug Stephens
|
0-0: Called Strike 0-1: Ball 1-1: Swinging Strike 1-2: Foul Ball, location: 2F 1-2: Foul Ball, location: 2F 1-2: Strikes out swinging
|
Bottom of the 7th over - 0 run(s), 0 hit(s), 0 error(s), 0 left on base; Greenville 0 - Chicago 5 |
TOP OF THE 8TH |
Greenville 84s batting - Pitching for Chicago Machine : RHP Horace Jacobs
|
Now at C: Héctor Cruz
|
|
Batting: LHB Robert Moore
|
0-0: Ball 1-0: Ball 2-0: Foul Ball, location: 2F 2-1: Fly out, F7 (Flyball, 7LMF)
|
Batting: LHB José Costa
|
0-0: Fly out, F8 (Flyball, 8LXD)
|
Batting: RHB Carlos Torres
|
0-0: Ball 1-0: Called Strike 1-1: Swinging Strike 1-2: Foul Ball, location: 2F 1-2: Fly out, F8 (Flyball, 89D)
|
Top of the 8th over - 0 run(s), 0 hit(s), 0 error(s), 0 left on base; Greenville 0 - Chicago 5 |
BOTTOM OF THE 8TH |
Chicago Machine batting - Pitching for Greenville 84s : RHP Dave Smith
|
Batting: SHB José Alomar
|
0-0: Ball 1-0: Ball 2-0: Foul Ball, location: 2F 2-1: Called Strike 2-2: Fly out, F9 (Flyball, 9LMF)
|
Batting: RHB Roberto Tobías
|
0-0: Foul Ball, location: 2F 0-1: Ball 1-1: Ball 2-1: Called Strike 2-2: Ball 3-2: Foul Ball, location: 2F 3-2: Strikes out swinging
|
Batting: SHB Joaquín López
|
0-0: Ball 1-0: Foul Ball, location: 2F 1-1: Ball 2-1: SINGLE (Line Drive, 34D)
|
Batting: RHB Gonzalo Gil
|
0-0: Called Strike 0-1: Foul Ball, location: 2F Pickoff Throw to First - Out!
|
Bottom of the 8th over - 0 run(s), 1 hit(s), 0 error(s), 0 left on base; Greenville 0 - Chicago 5 |
TOP OF THE 9TH |
Greenville 84s batting - Pitching for Chicago Machine : RHP Horace Jacobs
|
Batting: LHB Chris Moore
|
0-0: Ball 1-0: Called Strike 1-1: Ball 2-1: Ball 3-1: Called Strike 3-2: Base on Balls
|
Pitching: RHP Víctor Reyes
|
|
Batting: RHB Enzo Díaz
|
0-0: Ball 1-0: Foul Ball, location: 2F 1-1: SINGLE (Groundball, 34D) Chris Moore to second
|
Batting: LHB Brock Larsen
|
0-0: Foul Ball, location: 2F 0-1: Called Strike 0-2: Ball 1-2: Ball 2-2: Foul Ball, location: 2F 2-2: Strikes out looking
|
Batting: LHB Paco Rosas
|
0-0: Ball 1-0: Ball 2-0: Called Strike 2-1: Ball 3-1: Foul Ball, location: 2F 3-2: Foul Ball, location: 2F 3-2: Ground out 4-3 (Groundball, 4MS) Chris Moore to third Enzo Díaz to second
|
Batting: LHB Jimmy Vickers
|
0-0: Called Strike 0-1: Ball 1-1: Foul Ball, location: 2F 1-2: Strikes out swinging
|
Top of the 9th over - 0 run(s), 1 hit(s), 0 error(s), 2 left on base; Greenville 0 - Chicago 5 |
|